 Dungeon Crawl Stone Soup version 0.24.0-13-gcf9b319 (webtiles) character file.

Game seed: 5390509637655776764, levelgen mode: deterministic

956 Bronimir the Magician (level 8, 0/50 HPs)
             Began as an Octopode Wizard on Apr 21, 2020.
             Was an Initiate of Vehumet.
             Slain by a bullfrog (2 damage)
             ... on level 6 of the Dungeon on Apr 22, 2020.
             The game lasted 00:31:01 (8285 turns).

Bronimir the Magician (Octopode Wizard)             Turns: 8285, Time: 00:31:02

Health: 0/50       AC:  2    Str:  7    XL:     8   Next: 14%
Magic:  11/16      EV: 14    Int: 22    God:    Vehumet [......]
Gold:   160        SH:  0    Dex: 10    Spells: 8/18 levels left

rFire    . . .     SeeInvis .   a - +4 quarterstaff (chaos)
rCold    . . .     Gourm    .   (shield currently unavailable)
rNeg     . . .     Faith    .   o - +1 hat
rPois    .         Spirit   .   (no amulet)
rElec    .         Reflect  .   (no ring)
rCorr    .         Harm     .   (no ring)
MR       .....                  (no ring)
Stlth    +++.......             (no ring)
HPRegen  0.16/turn              (no ring)
MPRegen  0.15/turn              (no ring)
                                (no ring)
                                (no ring)

@: very slightly contaminated
A: almost no armour, stealthy swim, amphibious, 8 rings, constrict 8, camouflage
1, gelatinous body 1
a: Renounce Religion


You were on level 6 of the Dungeon.
You worshipped Vehumet.
Vehumet was noncommittal.
You were near starving.

You visited 2 branches of the dungeon, and saw 7 of its levels.

You collected 160 gold pieces.

Inventory:

Hand Weapons
 a - a +4 quarterstaff of chaos (weapon)
 b - a +0 hunting sling
 e - a +3 morningstar of protection
 h - a +0 bardiche
 p - a +0 mace
 t - a +0 spear
 u - a +0 spear
Missiles
 g - 29 poisoned darts (quivered)
 k - 29 bolts
 m - 55 arrows
 s - 118 stones
 z - 11 sling bullets
Armour
 o - a +1 hat (worn)
Wands
 j - a wand of flame (10)
 D - a wand of iceblast (8)
Scrolls
 d - 7 scrolls of identify
 f - a scroll of magic mapping
 i - a scroll of random uselessness
 n - a scroll of teleportation {unknown}
 q - 3 scrolls of remove curse
 x - a scroll of amnesia
 y - a scroll of enchant weapon
 A - a scroll of blinking {unknown}
 B - a scroll of fear {unknown}
Potions
 l - 3 potions of curing
 r - 2 potions of brilliance
 v - a potion of mutation {unknown}
 w - a potion of degeneration {unknown}
 C - a potion of magic {unknown}
Comestibles
 c - 4 rations


   Skills:
 * Level 1.9 Fighting
 + Level 1.6(1.8) Maces & Flails
 + Level 1.0(1.5) Staves
 * Level 3.8 Dodging
 - Level 3.3 Stealth
 - Level 0.1 Unarmed Combat
 * Level 5.8 Spellcasting
 * Level 3.3 Conjurations
 + Level 0.7 Hexes
 * Level 3.2 Summonings
 - Level 1.0 Translocations
 * Level 1.9 Poison Magic


You had 8 spell levels left.
You knew the following spells:

 Your Spells              Type           Power        Failure   Level  Hunger
a - Magic Dart            Conj           ###.         2%          1    None
b - Blink                 Tloc           N/A          10%         2    None
c - Call Imp              Summ           ###.....     3%          2    None
d - Slow                  Hex            #.......     11%         2    None
e - Mephitic Cloud        Conj/Pois/Air  ##......     14%         3    ##.....

Your spell library contained the following spells:

 Spells                   Type           Power        Failure   Level  Hunger
 Conjure Flame            Conj/Fire      ##......     14%         3    ##.....


Dungeon Overview and Level Annotations

Branches:
Dungeon (6/15)             Temple (1/1) D:5

Altars:
Ashenzari
Cheibriados
Dithmenos
Fedhas
Gozag
Kikubaaqudgha
Makhleb
Nemelex Xobeh
Qazlal
Ru
Sif Muna
Trog
Uskayaw
Vehumet
Wu Jian
Yredelemnul
Zin
The Shining One


Innate Abilities, Weirdness & Mutations

You cannot wear most types of armour.
You are very stealthy in the water. (Stealth+)
You are amphibious.
You can wear up to eight rings at the same time.
You can use your tentacles to constrict eight enemies at once.
Your skin changes colour to match your surroundings (Stealth+).
Your rubbery body absorbs attacks. (AC +1, EV +1)


Message History

The bullfrog is almost dead.
The bullfrog hits you.
* * * LOW HITPOINT WARNING * * *
The bullfrog hits you!
* * * LOW HITPOINT WARNING * * *
Casting: Magic Dart (safe; 2% risk of failure)
Confirm with . or Enter, or press ? or * to list all spells.
Aiming: Magic Dart (safe; 2% risk of failure)
Press: ? - help, Shift-Dir - straight line, f/p - bullfrog
Aim: a bullfrog (almost dead)
The magic dart hits the bullfrog.
The bullfrog is almost dead.
The bullfrog hits you.
* * * LOW HITPOINT WARNING * * *
Casting: Magic Dart (safe; 2% risk of failure)
Confirm with . or Enter, or press ? or * to list all spells.
You miscast Blink.
You are very lightly contaminated with residual magic.
Nothing appears to happen.
The bullfrog hits you.
You die...

#.. ######.#### ..
#.........# .
#.........# .#
#.........# .
#..<......## .#
#..........## #.#
#...........###F.#
###########...@.#
##..........
#.......###
#......## .......#
#.####### #. #.


You could see a bullfrog.

Vanquished Creatures
  An ice beast (D:5)
  An ogre (D:5)
  2 scorpions (D:5)
  A howler monkey (D:4)
  A vampire bat (D:2)
  2 crimson imps (D:5)
  Crazy Yiuf (D:4)
  A centaur zombie (D:5)
  A hound (D:5)
  4 orc wizards
  2 iguanas
  An orc priest (D:4)
  Ijyb (D:4)
  Terence (D:3)
  A hound skeleton (D:5)
  2 adders
  3 gnolls (D:4)
  A shadow imp (D:5)
  4 worms (D:3)
  A dart slug (D:3)
  6 leopard geckos
  8 orcs
  4 bat skeletons (D:2)
  3 giant cockroaches
  7 goblins
  4 hobgoblins
  3 jackals (D:2)
  3 kobolds
  3 quokkas
  3 ball pythons
  A ball python skeleton (D:4)
  8 bats
  4 frilled lizards
  A jackal skeleton (D:4)
  8 rats
98 creatures vanquished.

Vanquished Creatures (collateral kills)
  An ogre (D:4)
  2 hounds (D:4)
  An orc priest (D:3)
  2 worker ants (D:4)
  2 orcs (D:4)
  A goblin (D:3)
  A frilled lizard (D:4)
10 creatures vanquished.

Grand Total: 108 creatures vanquished

Notes
Turn   | Place    | Note
-------+----------+-------------------------------------------
     0 | D:1      | Bronimir the Octopode Wizard began the quest for the Orb.
     0 | D:1      | Reached XP level 1. HP: 11/11 MP: 4/4
   182 | D:1      | Reached XP level 2. HP: 17/17 MP: 1/6
   887 | D:2      | Found a sparkling altar of Nemelex Xobeh.
   986 | D:2      | Reached XP level 3. HP: 3/21 MP: 0/8
  1808 | D:2      | Learned a level 2 spell: Blink
  1811 | D:2      | Learned a level 2 spell: Call Imp
  1819 | D:2      | Learned a level 2 spell: Slow
  1910 | D:2      | Found an ancient bone altar of Kikubaaqudgha.
  1975 | D:2      | Reached XP level 4. HP: 21/27 MP: 3/9
  2237 | D:3      | Noticed Terence
  2242 | D:3      | Learned a level 3 spell: Mephitic Cloud
  2678 | D:3      | Killed Terence
  2678 | D:3      | Reached skill level 4 in Spellcasting
  2901 | D:3      | Reached XP level 5. HP: 32/32 MP: 8/11
  3605 | D:3      | Noticed a moth of wrath
  3608 | D:3      | Found a bloodstained altar of Trog.
  4547 | D:4      | Found a glowing golden altar of the Shining One.
  4699 | D:4      | Noticed Ijyb
  4711 | D:4      | Killed Ijyb
  4711 | D:4      | Reached XP level 6. HP: 24/37 MP: 6/12
  4735 | D:4      | Found a blossoming altar of Fedhas.
  4802 | D:4      | Reached skill level 1 in Maces & Flails
  4822 | D:4      | Reached skill level 1 in Fighting
  5332 | D:4      | Reached skill level 5 in Spellcasting
  5332 | D:4      | Reached XP level 7. HP: 43/43 MP: 7/14
  5586 | D:4      | Found a runed translucent door.
  5587 | D:4      | Noticed Crazy Yiuf
  5657 | D:4      | Killed Crazy Yiuf
  5987 | D:4      | Found a snail-covered altar of Cheibriados.
  6350 | D:5      | Entered Level 5 of the Dungeon
  6457 | D:4      | HP: 1/43 [orc/+0 whip (7)]
  6971 | D:5      | Reached skill level 1 in Poison Magic
  7005 | D:5      | Found a staircase to the Ecumenical Temple.
  7018 | Temple   | Entered the Ecumenical Temple
  7247 | Temple   | Became a worshipper of Vehumet
  7591 | D:5      | Reached XP level 8. HP: 49/49 MP: 11/16
  7598 | D:5      | Found a shimmering blue altar of Sif Muna.
  7690 | D:5      | Reached skill level 1 in Staves
  7922 | D:5      | Found a glowing silver altar of Zin.
  8205 | D:5      | Found a stormy altar of Qazlal.
  8284 | D:6      | HP: 2/50 [bullfrog (5)]
  8285 | D:6      | Slain by a bullfrog

Levels and vault maps discovered:
D:1:      wander_arrival_abandoned_jail, layout_loops_corners
D:2:      layout_loops_ring, kennysheep_vampire_church,
          nemelex_xobeh_ov_fountains_minmay, minivault_4,
          nicolae_underground_beach
D:3:      layout_basic, tgw_trog, first_ration, uniq_terence
D:4:      minmay_chambers_of_twos, layout_loops_ring, kennysheep_mini,
          fedhas_altar_fruit_tree, tso_altar, uniq_crazy_yiuf_cottage, uniq_ijyb
D:5:      layout_basic, overflow_temple_1_default, tgw_sif,
          nicolae_qazlal_eye_of_the_storm, minmay_temple_entry_overgrown
D:6:      layout_rooms
Temple:   jpeg_temple_alley_garden

Skill      XL: |  1  2  3  4  5  6  7  8 |
---------------+-------------------------+-----
Stealth        | 3 |  3.3
Spellcasting   | 4 5 |  5.8
Conjurations   | 2 3 |  3.3
Dodging        | 3 |  3.8
Maces & Flails | 1 |  1.6
Fighting       | 1 |  1.9
Summonings     | 2 3 |  3.2
Poison Magic   | 1 |  1.9
Staves         | 1 |  1.0
Unarmed Combat | |  0.1
Hexes          | |  0.7
Translocations | |  1.0

Action                   |  1- 3 |  4- 6 |  7- 9 || total
-------------------------+-------+-------+-------++-------
Melee: Unarmed           |    29 |       |       ||    29
       Constrict         |    16 |    17 |    10 ||    43
       Tentacles         |     7 |     5 |     6 ||    18
       Mace              |    18 |       |       ||    18
       Spear             |       |    20 |       ||    20
       Morningstar       |       |    57 |    10 ||    67
       Punch             |       |     1 |       ||     1
       Quarterstaff      |       |       |    41 ||    41
 Cast: Magic Dart        |    49 |    81 |    34 ||   164
       Call Imp          |     1 |    24 |    14 ||    39
       Slow              |       |     6 |       ||     6
       Blink             |       |     2 |     2 ||     4
       Mephitic Cloud    |       |     1 |     3 ||     4
  Use: Potion            |     4 |     2 |       ||     6
       Scroll            |       |     9 |     1 ||    10
 Stab: Sleeping          |     1 |       |     3 ||     4
       Confused          |       |       |     2 ||     2
  Eat: Chunk             |     3 |     8 |     7 ||    18
       Ration            |       |     1 |       ||     1
Armor: Skin              |    21 |     9 |     2 ||    32
Dodge: Dodged            |    98 |    83 |    40 ||   221
